 Dungeon Crawl Stone Soup version 0.29.0-11-gd7f09526c8 (webtiles) character file.

Game seed: 8823437652689994802

142 Powertoast the Sneak (level 5, -2/24 HPs)
             Began as a Spriggan Enchanter on Sept 4, 2022.
             Slain by a river rat (7 damage)
             ... in a sewer.
             The game lasted 00:16:05 (3051 turns).

Powertoast the Sneak (Spriggan Enchanter)           Turns: 3051, Time: 00:16:06

Health: -2/24      AC:  2    Str:  4    XL:     5   Next: 3%
Magic:  9/10       EV: 17    Int: 17    God:
Gold:   94         SH:  0    Dex: 17    Spells: 7/9 levels left

rFire   . . .      SeeInvis +   a - +1 dagger
rCold   + . .      Faith    .   (no shield)
rNeg    . . .      Spirit   .   b - +0 robe
rPois   .          Reflect  .   (helmet restricted)
rElec   .          Harm     .   (no cloak)
rCorr   .          Rampage  .   (gloves unavailable)
Will    .....                   (boots unavailable)
Stlth   ++++......              l - amulet of magic regeneration
HPRegen 0.08/turn               o - ring of protection from cold
MPRegen 0.52/turn               (no ring)

@: very slightly contaminated, very quick
A: very small, no large weapons, unfitting armour, see invisible, speed 3
a: no special abilities


You were in a sewer.
You visited 1 branch of the dungeon, and saw 3 of its levels.
You also visited: Sewer.

You collected 94 gold pieces.

Inventory:

Hand Weapons
 a - a +1 dagger (weapon)
Missiles
 k - 10 poisoned darts (quivered)
 m - 2 throwing nets
Armour
 b - a +0 robe (worn)
Jewellery
 l - an amulet of magic regeneration (around neck)
 o - a ring of protection from cold (left hand)
Scrolls
 d - 2 scrolls of torment
 e - a scroll of amnesia
 h - a scroll of fog {unknown}
 i - a scroll of summoning {unknown}
 j - 2 scrolls of teleportation
 n - 2 scrolls of vulnerability {unknown}
 q - a scroll of fear {unknown}
 r - a scroll of noise {unknown}
Potions
 c - a potion of invisibility
 f - 3 potions of might
 g - a potion of curing {unknown}
 p - a potion of resistance {unknown}


   Skills:
 - Level 3.0 Short Blades
 - Level 2.6 Dodging
 + Level 7.9 Stealth
 - Level 2.6 Spellcasting
 - Level 3.6 Hexes


You had 7 spell levels left.
You knew the following spells:

 Your Spells              Type           Power      Damage    Failure   Level
a - Ensorcelled Hibernat  Hex/Ice        16%        N/A       13%         2

Your spell library contained the following spells:

 Spells                   Type           Power      Damage    Failure   Level
 Confusing Touch          Hex            14%        N/A       12%         3
 Tukima's Dance           Hex            14%        N/A       12%         3
 Foxfire                  Conj/Fire      8%         2x1d4     19%         1
 Dazzling Flash           Conj/Hex       16%        N/A       26%         3
 Inner Flame              Hex/Fire       8%         N/A       26%         3
 Conjure Flame            Conj/Fire      2%         6-21      47%         3
 Flame Wave               Conj/Fire      2%         2d4       87%         4


Dungeon Overview and Level Annotations

Branches:
Dungeon (3/15)              Sewer (1/1)

Altars:


Innate Abilities, Weirdness & Mutations

You are very small and have problems with some larger weapons.
You are too small for most types of armour.
You have supernaturally acute eyesight. (SInv)
You cover ground extremely quickly. (Speed+++)


Message History

The ball python resists with significant effort.
The ball python bites you. The ball python barely misses you.
You completely miss the ball python. The ball python closely misses you.
The ball python grabs you. The ball python constricts you.
You hit the ball python.
You kill the ball python!
You enter the shallow water.
Moving in this stuff is going to be slow.
Casting: Ensorcelled Hibernation (safe; 13% risk of failure)
Confirm with . or Enter, or press ? or * to list all spells.
Okay, then.
Casting: Ensorcelled Hibernation (safe; 13% risk of failure)
Confirm with . or Enter, or press ? or * to list all spells.
Aiming: Ensorcelled Hibernation (safe; 13% risk of failure)
Press: ? - help, Shift-Dir - straight line, f - river rat
Aim: a river rat (chance to affect: 50%)
The river rat looks drowsy...
The rat misses you.
You hit the river rat but do no damage.
Casting: Ensorcelled Hibernation (safe; 13% risk of failure)
Confirm with . or Enter, or press ? or * to list all spells.
Aiming: Ensorcelled Hibernation (safe; 13% risk of failure)
Press: ? - help, Shift-Dir - straight line, f - rat, p - river rat
Aim: a rat (chance to affect: 59%)
You miscast Ensorcelled Hibernation.
You are very lightly contaminated with residual magic.
Nothing appears to happen.
The rat bites you. The river rat closely misses you.
The rat closely misses you.
You hit the rat.
The rat is severely wounded.
The rat bites you. The river rat bites you! The rat barely misses you.
You barely miss the rat.
The rat is severely wounded.
The rat closely misses you. The river rat bites you. The rat misses you.
You hit the rat.
You kill the rat!
The rat bites you.
* * * LOW HITPOINT WARNING * * *
The river rat bites you!
You die...

###
######...
######
##........
##....##
##.........
#......#
#.......#
#..∩∩..#
##..r...#
#..÷...#
#..@r..#
#.÷..~##
##.~...#
#≈~÷÷~≈#
#~~~~~~#
#≈~~≈~≈#
#≈~~≈≈≈#
#≈~~~≈≈#
#≈≈~~~≈#
#≈≈~~≈≈#
#≈≈~~≈≈#
#≈≈~~≈≈#
#≈≈≈†#~#
#≈≈≈~≈≈#
#≈≈≈#~≈#
#≈≈~≈≈≈#
#≈≈≈~~≈#


You could see a river rat and a rat.

Vanquished Creatures
  4 adders (D:2)
  3 river rats (Sewer)
  3 worms
  2 dart slugs
  2 bats
  7 endoplasms
  2 giant cockroaches (D:1)
  3 hobgoblins
  4 jackals (D:1)
  2 quokkas
  8 ball pythons
  2 frilled lizards
  5 goblins
  5 kobolds
  21 rats
73 creatures vanquished.

Vanquished Creatures (others)
  A fungus (D:1)
  A plant (D:1)
2 creatures vanquished.

Grand Total: 75 creatures vanquished

Notes
Turn   | Place    | Note
-------+----------+-------------------------------------------
     0 | D:1      | Powertoast the Spriggan Enchanter began the quest for the
                  | Orb.
     0 | D:1      | Reached XP level 1. HP: 9/9 MP: 5/5
   164 | D:1      | Reached skill level 5 in Stealth
   188 | D:1      | Reached XP level 2. HP: 13/13 MP: 6/6
   191 | D:1      | Learned a level 2 spell: Ensorcelled Hibernation
   319 | D:1      | Found a faded altar of an unknown god.
   367 | D:1      | Reached skill level 6 in Stealth
   722 | D:1      | Reached XP level 3. HP: 16/16 MP: 2/8
  1680 | D:2      | Reached XP level 4. HP: 21/21 MP: 9/9
  2137 | D:3      | Found a glowing drain.
  2149 | D:3      | Reached skill level 7 in Stealth
  2161 | Sewer    | Entered a sewer
  2912 | Sewer    | Reached XP level 5. HP: 24/24 MP: 7/10
  3051 | Sewer    | Slain by a river rat

Illustrated notes

Levels and vault maps discovered:
D:1:      lightli_arrival_boilingwater, layout_loops_ring,
          shapermc_ecumenical_altar_acropolis
D:2:      layout_basic
D:3:      layout_basic, mainiacjoe_overflow_brackets,
          cheibrodos_sewer_entry_bend
Sewer:    sewer_minmay_w

Skill      XL: |  1  2  3  4 |
---------------+-------------+-----
Stealth        | 5 6 7 |  7.9
Short Blades   | 3 |  3.0
Dodging        | |  2.6
Spellcasting   | |  2.6
Hexes          | |  3.6

Action                   |  1- 3 |  4- 6 || total
-------------------------+-------+-------++-------
Melee: Dagger            |    77 |    86 ||   163
 Cast: Ensorcelled Hiber |    22 |    39 ||    61
  Use: Scroll            |       |     4 ||     4
       Potion            |       |     1 ||     1
 Stab: Sleeping          |    27 |    19 ||    46
       Invisible         |       |     2 ||     2
Armor: Robe              |     8 |     7 ||    15
Dodge: Dodged            |    41 |    86 ||   127
